 Dungeon Crawl Stone Soup version 0.18-a0-1637-g109f206 (webtiles) character file.

39 4thArraOfDagon the Chopper (level 3, -4/33 HPs)
             Began as a Hill Orc Berserker on Mar 26, 2016.
             Was a Follower of Trog.
             Killed from afar by an orc wizard (6 damage)
             ... with a magic dart
             ... on level 5 of the Dungeon.
             The game lasted 00:01:40 (313 turns).

4thArraOfDagon the Chopper (Hill Orc Berserker)      Turns: 313, Time: 00:01:41

Health: -4/33      AC:  5    Str: 18 (20) XL:     3   Next: 47%
Magic:  3/3        EV: 10    Int:  4 (7)  God:    Trog [*.....]
Gold:   6          SH:  0    Dex:  8 (10) Spells: 0 memorised, 2 levels left

rFire  . . .     SeeInvis .     a - +0 hand axe
rCold  . . .     Gourm    .     j - +0 ring mail
rNeg   . . .     Faith    .     (no shield)
rPois  .         Spirit   .     (no helmet)
rElec  .         Dismiss  .     (no cloak)
rCorr  .         Reflect  .     (no gloves)
SustAt .         Harm     .     (no boots)
MR     .....                    (no amulet)
Stlth  ..........               (no ring)
                                (no ring)

@: lethally poisoned (-4 -> -6), exhausted, flying, slowed, very slow, not
resistant to hostile enchantments, extremely unstealthy
A: no striking features
a: Berserk, Burn Spellbooks, Renounce Religion, Convert to Beogh


You were on level 5 of the Dungeon.
You worshipped Trog.
Trog was aware of your devotion.
You were not hungry.

You visited 1 branch of the dungeon, and saw 5 of its levels.

You collected 6 gold pieces.

Inventory:

Hand Weapons
 a - a +0 hand axe (weapon)
Armour
 j - a +0 ring mail (worn)
Jewellery
 p - an uncursed ring of resist corrosion {unknown}
Wands
 o - a wand of confusion (27/48)
Scrolls
 d - a scroll of fear {unknown}
 e - a scroll of random uselessness {unknown}
 f - 2 scrolls of remove curse {unknown}
Potions
 b - a potion of brilliance {unknown}
 m - a potion of cancellation {unknown}
 n - a potion of mutation {unknown}
Books
 l - a book of Death

   Spells                             Type                      Level
   a - Corpse Rot                     Necromancy                   2
   b - Sublimation of Blood           Necromancy                   2
   c - Agony                          Necromancy                   5
   d - Dispel Undead                  Necromancy                   5
   e - Excruciating Wounds            Charms/Necromancy            5
   f - Bolt of Draining               Conjuration/Necromancy       5
   Trog disapproves of the use of such an item.
Comestibles
 c - a bread ration
 h - a chunk of flesh
 k - a royal jelly


   Skills:
 + Level 4.2 Fighting
 * Level 5.0 Axes
 + Level 2.6 Armour
 - Level 1.5 Dodging


You had 2 spell levels left.
You didn't know any spells.

Dungeon Overview and Level Annotations

Branches:
Dungeon (5/15)
 Temple: D:4-7

Altars:


Message History

Unknown command.
Unknown command.
Drink which item? (? for menu, Esc to quit)
It was a potion of degeneration.
There was something very wrong with that liquid.
You feel weakened.
You feel dopey.
You feel clumsy.
* * * LOW HITPOINT WARNING * * *
You feel sick.
The orc wizard gestures wildly while chanting.
The orc wizard seems to speed up.
The orc priest threatens, "By the altar or by the axe, you will meet Beogh!"
An orc comes into view. It is wielding a war axe.
Unknown command.
Drink which item? (? for menu, Esc to quit)
It was a potion of flight.
You feel very buoyant.
You fly up into the air.
The orc wizard casts a spell at you. The magic dart hits you!
You die...

##### o ####..... #### ####
.... ###....# $..###.....
o....#.....########..........
..oo..o...ooo@..........#.....
......#..o†.####..............
......#.....###...............
.....<........................
....................<.......<.
#######..................####
#........!....#...##
#####.#.....#######
...........


You could see an orc priest, 2 orc wizards and 2 orcs.

Vanquished Creatures
  A worker ant (D:5)
  An adder (D:3)
  A goblin (D:2)
  A hobgoblin (D:3)
  2 kobolds (D:3)
  A bat (D:3)
  A rat (D:2)
8 creatures vanquished.

Notes
Turn   | Place    | Note
--------------------------------------------------------------
     0 | D:1      | 4thArraOfDagon the Hill Orc Berserker began the quest for the Orb.
     0 | D:1      | Reached XP level 1. HP: 19/19 MP: 1/1
   145 | D:3      | Reached XP level 2. HP: 27/27 MP: 2/2
   283 | D:5      | Entered Level 5 of the Dungeon
   302 | D:5      | Reached skill level 5 in Axes
   302 | D:5      | Reached XP level 3. HP: 33/33 MP: 3/3
   313 | D:5      | Killed from afar by an orc wizard

Vault maps used:
D:1:      dpeg_arrival_water_fire
D:3:      lemuel_blue_sif_altar, grunt_pakellas_mercury
D:4:      corexii_shantytown, kennysheep_mini_moat, trog_eyes_of_draining,
          minmay_temple_entry_trees, uniq_crazy_yiuf_cottage, uniq_robin,
          uniq_purgy
D:5:      first_bread, minmay_misc_feat_tiny

Skill      XL: |  1  2 |
---------------+-------+-----
Fighting       | 4 |  4.2
Axes           | 5 |  5.0
Armour         | |  2.6
Dodging        | |  1.5

Action                   || total
-------------------------++-------
Melee: Hand axe          ||    20
Invok: Berserk           ||     2
  Use: Potion            ||     2
